Map: Terraform LE (Void)

Players

Javert - Winner!

  • Race: Zerg Zerg
  • League: Platinum

Guðastríð

  • Race: Zerg Zerg
  • League: Silver

VOD

Have the link to the VOD?

Description

Time

  • Played on: Aug. 22, 2015, 7:53 p.m.
  • Length: 9:32
Show
View Real Time Build Order
Export as new Build Order

Javert Zerg - Winner!

Build Orders: Pool First 

Get SALT Encoding   

  12  0:01  Drone  
  13  0:13  Overlord  
  13  0:17  Drone  
  14  0:31  Drone x2  
  16  0:36  Drone  
  16  0:38  Extractor  
  16  0:49  Spawning Pool  
  15  0:50  Drone  
  16  0:57  Drone  
  17  1:07  Drone  
  18  1:25  Hatchery  
  17  1:36  Baneling Nest  
  17  1:39  Queen  
  16  1:46  Zergling x2  
  19  1:48  Drone  
  19  1:52  Drone  
  21  2:02  Overlord  
  21  2:09  Drone  
  22  2:20  Queen  
  24  2:25  Drone  
  25  2:34  Metabolic Boost  
  25  2:40  Zergling x4  
  25  2:41  Zergling x2  
  25  2:43  Baneling x2  
  28  2:48  Drone  
  28  2:49  Drone x2  
  31  2:57  Drone  
  32  3:08  Drone x2  
  32  3:11  Overlord  
  34  3:15  Baneling  
  34  3:16  Baneling x2  
  34  3:23  Overlord  
  34  3:24  Spine Crawler  
  33  3:31  Drone  
  33  3:32  Drone x3  
  37  3:36  Drone x2  
  37  3:40  Overlord  
  39  3:47  Drone  
  40  3:58  Roach Warren  
  40  4:00  Extractor  
  38  4:03  Drone x6  
  44  4:12  Overlord  
  44  4:20  Evolution Chamber  
  43  4:24  Drone x2  
  43  4:25  Drone x2  
  46  4:35  Overlord  
  46  4:36  Drone x3  
  49  4:42  Evolution Chamber  
  49  4:44  Extractor  
  49  4:45  Extractor  
  46  4:48  Zerg Missile Weapons Level 1  
  46  4:51  Drone x3  
  49  4:58  Roach  
  49  4:59  Roach  
  53  5:03  Roach x2  
  57  5:09  Hatchery  
  57  5:12  Zerg Ground Armor Level 1  
  56  5:14  Drone x2  
  56  5:15  Drone x2  
  56  5:18  Roach  
  62  5:22  Lair  
  62  5:30  Queen  
  64  5:41  Overlord x2  
  64  5:43  Roach x3  
  70  5:51  Overlord  
  70  6:01  Roach  
  70  6:02  Roach x4  
  80  6:13  Roach x4  
  88  6:22  Hydralisk Den, Glial Reconstitution  
  87  6:27  Roach x3  
  87  6:30  Overlord  
  88  6:50  Roach  
  88  6:51  Roach x7  
  85  7:03  Lurker Den  
  81  7:10  Roach x8  
  81  7:11  Roach x2  
  81  7:15  Queen  
  97  7:23  Drone x3  
  97  7:29  Overlord  
  100  7:34  Baneling x3  
  100  7:37  Overseer  
  100  7:39  Drone x4  
  100  7:40  Drone  
  105  7:48  Overlord  
  105  8:19  Roach  
  104  8:20  Roach x12  
  114  8:28  Hydralisk  
  114  8:29  Hydralisk  
  118  8:36  Overlord  
  118  8:37  Overlord  
  118  8:39  Drone  
  119  8:47  Hydralisk  
  111  8:56  Hydralisk x5  
  111  8:57  Hydralisk x3  
  127  9:04  Lurker x2  
  127  9:07  Drone x2, Spine Crawler  
  127  9:09  Spine Crawler  
  129  9:11  Overseer  
Show
View Real Time Build Order
Export as new Build Order

Guðastríð Zerg 

Build Orders: Pool First 

Get SALT Encoding   

  12  0:01  Drone  
  13  0:10  Drone  
  14  0:17  Overlord  
  14  0:35  Drone x3  
  17  0:46  Drone  
  18  0:53  Spawning Pool, Extractor  
  18  0:56  Drone  
  17  1:07  Drone  
  18  1:25  Hatchery, Drone  
  18  1:32  Drone  
  19  1:40  Queen  
  19  1:44  Zergling x2  
  22  2:00  Overlord  
  22  2:12  Metabolic Boost  
  22  2:17  Roach Warren  
  22  2:21  Drone x2  
  23  2:39  Drone x3  
  23  2:40  Queen  
  28  2:47  Zergling x2  
  28  2:48  Zergling x4  
  31  2:59  Spine Crawler  
  31  3:01  Drone x2  
  31  3:02  Drone  
  33  3:13  Drone  
  33  3:14  Drone  
  35  3:20  Overlord  
  35  3:21  Overlord  
  35  3:30  Zergling x2  
  36  3:37  Lair  
  36  3:40  Extractor  
  36  3:41  Zergling x6  
  36  3:45  Drone x2  
  40  3:51  Evolution Chamber  
  39  4:05  Drone  
  39  4:06  Drone x5  
  45  4:18  Drone x2  
  45  4:19  Drone x2  
  45  4:21  Zerg Ground Armor Level 1  
  44  4:35  Roach x2  
  44  4:36  Roach x2  
  52  4:43  Overlord  
  52  4:55  Nydus Network  
  52  4:56  Overseer  
  51  5:02  Roach  
  51  5:04  Roach  
  55  5:11  Drone x5  
  55  5:12  Extractor x2  
  58  5:23  Roach  
  58  5:25  Overlord  
  58  5:26  Overlord x2  
  60  5:47  Roach  
  60  5:48  Roach x4  
  70  5:52  Glial Reconstitution  
  70  5:55  Queen x2  
  74  5:58  Roach x4  
  82  6:20  Nydus Canal  
  82  6:24  Zergling x2  
  82  6:25  Zergling x2  
  84  6:26  Overlord  
  84  6:27  Overlord x2  
  84  6:30  Zerg Missile Weapons Level 1  
  83  6:49  Roach  
  83  6:50  Roach x5  
  85  6:59  Roach x2  
  85  7:07  Drone x4  
  75  7:18  Hatchery  
  68  7:23  Hatchery  
  68  7:25  Extractor x2  
  65  7:33  Queen  
  65  7:34  Queen  
  65  7:35  Drone x2  
  65  7:36  Drone x4  
  75  7:51  Roach  
  75  7:52  Roach x3  
  83  8:02  Drone, Roach  
  83  8:03  Roach x2  
  87  8:26  Roach x3  
  93  8:45  Hatchery  
  91  9:12  Hatchery  
Tags
 
Add a new tag
Caveats
  • Supply blocks, unpowered buildings, or Contaminate may cause inaccurate times.
  • Supply counts are checked every 10 seconds.